Map: Odyssey LE

Players

kOOlbeans

  • Race: Terran Terran
  • Spawn Location: 5:00

Yata - Winner!

  • Race: Zerg Zerg
  • Spawn Location: 11:00

VOD

Have the link to the VOD?

Description

Time

  • Played on: July 7, 2017, 2:04 p.m.
  • Length: 3:12
Show
View Real Time Build Order
Export as new Build Order

kOOlbeans Terran 

Build Orders:  

Get SALT Encoding   

  12  0:03  SCV  
  13  0:15  SCV  
  14  0:33  Supply Depot  
  14  0:36  Supply Depot  
  14  0:50  Supply Depot, Refinery  
  14  1:12  Barracks  
  14  1:22  Barracks  
  14  1:28  SCV  
  15  1:55  Supply Depot  
  15  2:02  Barracks Reactor  
  15  2:17  Barracks Tech Lab  
  15  2:20  Bunker  
  14  2:38  Marine  
  14  2:40  Marauder  
  17  2:45  Marine  
Show
View Real Time Build Order
Export as new Build Order

Yata Zerg - Winner!

Build Orders: Hatch First 

Get SALT Encoding   

  12  0:01  Drone  
  13  0:14  Overlord  
  13  0:20  Drone  
  14  0:32  Drone  
  14  0:33  Drone  
  16  0:36  Drone  
  17  0:54  Hatchery  
  16  0:59  Drone  
  16  1:00  Drone  
  16  1:03  Extractor  
  17  1:08  Drone  
  18  1:23  Spawning Pool  
  17  1:30  Drone x2  
  19  1:41  Drone  
  20  1:55  Overlord  
  20  2:11  Zergling x4, Queen  
  20  2:13  Queen  
  26  2:22  Drone x2  
  28  2:25  Drone  
  29  2:38  Roach Warren  
  28  2:56  Drone  
  28  2:57  Drone x4  
  28  2:58  Drone  
Tags
 
Matchup
TvZ
Replay Pack
Pack 1
Spawn Locations
Cross Positions
Add a new tag
Caveats
  • Supply blocks, unpowered buildings, or Contaminate may cause inaccurate times.
  • Supply counts are checked every 10 seconds.